 Dungeon Crawl Stone Soup version 0.18.1-48-g4cf74bf (webtiles) character file.

322 Inkary the Skirmisher (level 6, -7/56 HPs)
             Began as a Minotaur Fighter on Aug 16, 2016.
             Was an Initiate of Okawaru.
             Shot with an arrow by a centaur (10 damage)
             ... on level 4 of the Dungeon.
             The game lasted 00:10:55 (4240 turns).

Inkary the Skirmisher (Minotaur Fighter)            Turns: 4240, Time: 00:10:56

Health: -7/56      AC:  3    Str: 21    XL:     6   Next: 22%
Magic:  5/5        EV:  9    Int:  5    God:    Okawaru [......]
Gold:   155        SH: 10    Dex: 11    Spells: 0 memorised, 5 levels left

rFire  . . .     SeeInvis .     a - +0 flail
rCold  . . .     Gourm    .     j - +0 leather armour {rPois}
rNeg   . . .     Faith    .     c - +0 shield
rPois  +         Spirit   .     (helmet restricted)
rElec  .         Dismiss  .     (no cloak)
rCorr  .         Reflect  .     (no gloves)
SustAt .         Harm     .     (no boots)
MR     .....                    (no amulet)
Stlth  +.........               (no ring)
                                (no ring)

@: not resistant to hostile enchantments, very unstealthy
A: retaliatory headbutt, horns 2
a: Renounce Religion


You were on level 4 of the Dungeon.
You worshipped Okawaru.
Okawaru was noncommittal.
You were hungry.

You visited 1 branch of the dungeon, and saw 4 of its levels.

You collected 155 gold pieces.

Inventory:

Hand Weapons
 a - a +0 flail (weapon)
Armour
 c - a +0 shield (worn)
 j - a +0 leather armour of poison resistance (worn)
Jewellery
 b - an uncursed ring of resist corrosion {unknown}
 s - a +2 ring of slaying {unknown}
Scrolls
 e - 3 scrolls of remove curse {unknown}
 h - 5 scrolls of teleportation {unknown}
 i - a scroll of enchant weapon {unknown}
 l - 3 scrolls of identify {unknown}
 o - a scroll of immolation {unknown}
 p - a scroll of amnesia {unknown}
Potions
 d - a potion of heal wounds {unknown}
 g - a potion of degeneration {unknown}
 n - 2 potions of mutation {unknown}
 r - a potion of berserk rage {unknown}
 u - a potion of curing {unknown}
Books
 k - a book of Annihilations

   Spells                             Type                      Level
   a - Poison Arrow                   Conjuration/Poison           6
   b - Chain Lightning                Conjuration/Air              8
   c - Lehudib's Crystal Spear        Conjuration/Earth            8
   d - Glaciate                       Conjuration/Ice              9
   e - Fire Storm                     Conjuration/Fire             9
 m - a book of Changes

   Spells                             Type                      Level
   a - Beastly Appendage              Transmutation                1
   b - Sticks to Snakes               Transmutation                2
   c - Spider Form                    Transmutation/Poison         3
   d - Ice Form                       Ice/Transmutation            4
   e - Blade Hands                    Transmutation                5
Comestibles
 f - 2 bread rations
 q - a meat ration


   Skills:
 + Level 5.3 Fighting
 + Level 4.3 Maces & Flails
 + Level 5.2 Armour
 + Level 5.3 Shields


You had 5 spell levels left.
You didn't know any spells.

Dungeon Overview and Level Annotations

Branches:
Dungeon (4/15)
 Temple: D:4-7

Altars:
Cheibriados
Okawaru

Annotations:
D:4 Grinder


Innate Abilities, Weirdness & Mutations

You reflexively headbutt those who attack you in melee.
You have a pair of horns on your head.


Message History

You block the arrow.
The centaur shoots an arrow.
The arrow hits you! Grinder gestures at you. Pain shoots through your body!
You see here an arrow.
The centaur shoots an arrow.
The arrow hits you!
You see here an arrow.
The centaur shoots an arrow.
The arrow hits you but does no damage.
You see here an arrow.
Grinder gestures at you. You resist with significant effort.
Grinder blinks!
The centaur shoots an arrow.
You block the arrow.
You see here an arrow.
The centaur shoots an arrow.
The arrow hits you!!
* * * LOW HITPOINT WARNING * * *
The centaur shoots an arrow.
The arrow hits you.
* * * LOW HITPOINT WARNING * * *
The centaur shoots an arrow.
The arrow hits you!
You die...

#.#.# #.# #.#...###.######. #.#.#
#.# #.#...c§.........
#####.#.####.####.#...###.######.
...........#.##.#.#...# #(###
......#....#.##.#.#...# #5#.####.
###.###....#.##.#.#...# #.(..5...
# #.##............(...###.#.##...
# #.##.....>.....................
###.............@................
.................................
###..#.........................c.
.................................
###................>.............
# ##.#...........................
# #.#....<.....................
## #.#..................
.###.#....


You could see a centaur.

Vanquished Creatures
  An orc priest (D:3)
  2 orc wizards (D:3)
  An iguana (D:4)
  Robin (D:2)
  8 adders
  2 oozes (D:3)
  A worm (D:2)
  A dart slug (D:3)
  3 giant geckos
  6 orcs (D:3)
  10 bats
  5 giant cockroaches
  23 goblins
  10 hobgoblins
  10 jackals
  7 giant newts
  7 kobolds
  A quokka skeleton (D:4)
  4 rats
103 creatures vanquished.

Vanquished Creatures (others)
  4 toadstools (D:1)
4 creatures vanquished.

Grand Total: 107 creatures vanquished

Notes
Turn   | Place    | Note
--------------------------------------------------------------
     0 | D:1      | Inkary the Minotaur Fighter began the quest for the Orb.
     0 | D:1      | Reached XP level 1. HP: 19/19 MP: 0/0
   183 | D:1      | Reached XP level 2. HP: 24/27 MP: 1/1
   525 | D:2      | Reached XP level 3. HP: 18/33 MP: 2/2
  1163 | D:2      | Reached XP level 4. HP: 32/40 MP: 3/3
  1643 | D:2      | HP: 2/41 [goblin/dagger[Robin] (2)]
  1744 | D:2      | Noticed Robin
  1761 | D:2      | Killed Robin
  2386 | D:3      | Found a snail-covered altar of Cheibriados.
  2426 | D:3      | Reached XP level 5. HP: 19/47 MP: 4/4
  2760 | D:3      | Reached skill level 5 in Fighting
  3168 | D:3      | Reached skill level 5 in Shields
  3492 | D:3      | Reached skill level 5 in Armour
  3492 | D:3      | Reached XP level 6. HP: 54/56 MP: 5/5
  3849 | D:4      | Found an iron altar of Okawaru.
  3865 | D:4      | Became a worshipper of Warmaster Okawaru
  4220 | D:4      | Noticed Grinder
  4240 | D:4      | Shot with an arrow by a centaur

Skill      XL: |  1  2  3  4  5 |
---------------+----------------+-----
Fighting       | 4 5 |  5.3
Shields        | 4 5 |  5.3
Armour         | 4 5 |  5.2
Maces & Flails | 3 4 |  4.3

Action                   |  1- 3 |  4- 6 || total
-------------------------+-------+-------++-------
Melee: Flail             |    78 |   180 ||   258
       Headbutt          |    12 |    27 ||    39
  Use: Potion            |       |     1 ||     1
  Eat: Chunk             |     1 |     9 ||    10
Armor: Scale mail        |    13 |       ||    13
       Leather armour    |    10 |    55 ||    65
Dodge: Dodged            |    26 |    65 ||    91
Block: Shield            |    38 |   108 ||   146
